3A
MYRTLE BEACH SEAHAWKS @ MT. VERNON BULLS
08/21/2032
 
TOP OF THE 1ST
Myrtle Beach Seahawks batting - Pitching for Mt. Vernon Bulls : RHP Jesús Franco
Pitching: RHP Jesús Franco
Batting: LHB Augusto Reyes 0-0: Foul Ball, location: 2F
0-1: Ball
1-1: Swinging Strike
1-2: Strikes out swinging
Batting: SHB Dong-joo Yu 0-0: Swinging Strike
0-1: Swinging Strike
0-2: Ball
1-2: Fly out, F9 (Flyball, 9)
Batting: RHB Jimmy Gonzáles 0-0: Ball
1-0: Called Strike
1-1: Swinging Strike
1-2: Strikes out swinging
Top of the 1st over - 0 runs, 0 hits, 0 errors, 0 left on base; Myrtle Beach 0 - Mt. Vernon 0
BOTTOM OF THE 1ST
Mt. Vernon Bulls batting - Pitching for Myrtle Beach Seahawks : RHP Angelo Rawnsley
Pitching: RHP Angelo Rawnsley
Batting: SHB Toby Sutton 0-0: Ball
1-0: Called Strike
1-1: Foul Ball, location: 2F
1-2: Hit by Pitch
Batting: LHB Sidney Dollarhide 0-0: Ball
1-0: Ball
2-0: Called Strike
2-1: Foul Ball, location: 2F
2-2: Strikes out swinging
Batting: LHB Rich Watkins 0-0: TRIPLE (Line Drive, 78XD)
Toby Sutton scores
Batting: RHB Angeddy Almanzar 0-0: Called Strike
0-1: Fly out, F6 (Popup, 6MD)
Batting: RHB José Salinas 0-0: Called Strike
0-1: Foul Ball, location: 2F
0-2: Ball
1-2: Foul Ball, location: 2F
1-2: Ball
2-2: Ball
3-2: DOUBLE (Line Drive, 78D)
Rich Watkins scores
Batting: SHB Tom Chagolla 0-0: Foul Ball, location: 2F
0-1: SINGLE (Line Drive, 6D)
José Salinas to third
Batting: RHB Tyler Utterback 0-0: Foul Ball, location: 2F
0-1: Fielders Choice at 2nd, 6-4 (Groundball, 6)
Bottom of the 1st over - 2 runs, 3 hits, 0 errors, 2 left on base; Myrtle Beach 0 - Mt. Vernon 2
TOP OF THE 2ND
Myrtle Beach Seahawks batting - Pitching for Mt. Vernon Bulls : RHP Jesús Franco
Batting: RHB Miguel Rey 0-0: Foul Ball, location: 2F
0-1: Ball
1-1: Foul Ball, location: 2F
1-2: Ball
2-2: Strikes out swinging
Batting: RHB Thomas Feliciano 0-0: Foul Ball, location: 2F
0-1: Swinging Strike
0-2: Ball
1-2: Strikes out swinging
Batting: RHB Theo Wrighton 0-0: Ball
1-0: Foul Ball, location: 2F
1-1: Foul Ball, location: 2F
1-2: Ground out 5-3 (Groundball, 56)
Top of the 2nd over - 0 runs, 0 hits, 0 errors, 0 left on base; Myrtle Beach 0 - Mt. Vernon 2
BOTTOM OF THE 2ND
Mt. Vernon Bulls batting - Pitching for Myrtle Beach Seahawks : RHP Angelo Rawnsley
Batting: RHB Brodie Floyd 0-0: Ball
1-0: Fly out, F7 (Line Drive, 7S)
Batting: RHB Alfonso Torres 0-0: Ball
1-0: Called Strike
1-1: Called Strike
1-2: Fly out, F8 (Flyball, 8RM)
Batting: SHB Toby Sutton 0-0: Ball
1-0: Called Strike
1-1: Ball
2-1: Called Strike
2-2: Fly out, F8 (Flyball, 8RM)
Bottom of the 2nd over - 0 runs, 0 hits, 0 errors, 0 left on base; Myrtle Beach 0 - Mt. Vernon 2
TOP OF THE 3RD
Myrtle Beach Seahawks batting - Pitching for Mt. Vernon Bulls : RHP Jesús Franco
Batting: RHB Lucas Gallant 0-0: Fly out, F9 (Line Drive, 89M)
Batting: RHB Bedrettin Suker 0-0: Called Strike
0-1: Foul Ball, location: 2F
0-2: Strikes out looking
Batting: RHB Al Ellis 0-0: Called Strike
0-1: Called Strike
0-2: Ball
1-2: Foul Ball, location: 2F
1-2: Ball
2-2: Ball
3-2: Foul Ball, location: 2F
3-2: Fly out, F3 (Line Drive, 3S)
Top of the 3rd over - 0 runs, 0 hits, 0 errors, 0 left on base; Myrtle Beach 0 - Mt. Vernon 2
BOTTOM OF THE 3RD
Mt. Vernon Bulls batting - Pitching for Myrtle Beach Seahawks : RHP Angelo Rawnsley
Batting: LHB Sidney Dollarhide 0-0: Ball
1-0: Fly out, F4 (Popup, 4)
Batting: LHB Rich Watkins 0-0: Ball
1-0: Ball
2-0: Fly out, F9 (Flyball, 9D)
Batting: RHB Angeddy Almanzar 0-0: Ball
1-0: Foul Ball, location: 2F
1-1: Called Strike
1-2: Ball
2-2: Fly out, F9 (Flyball, 9LMF)
Bottom of the 3rd over - 0 runs, 0 hits, 0 errors, 0 left on base; Myrtle Beach 0 - Mt. Vernon 2
TOP OF THE 4TH
Myrtle Beach Seahawks batting - Pitching for Mt. Vernon Bulls : RHP Jesús Franco
Batting: LHB Augusto Reyes 0-0: Ball
1-0: Called Strike
1-1: Ball
2-1: Ball
3-1: Base on Balls
Batting: SHB Dong-joo Yu 0-0: Called Strike
0-1: Ball
1-1: Ball
2-1: Foul Ball, location: 2F
2-2: Ball
3-2: Fly out, F8 (Line Drive, 89D)
Batting: RHB Jimmy Gonzáles 0-0: Called Strike
0-1: Ball
1-1: Ball
2-1: Foul Ball, location: 2F
2-2: Ball
3-2: Foul Ball, location: 2F
3-2: Fly out, F9 (Flyball, 89D)
Batting: RHB Miguel Rey 0-0: Ball
1-0: Ball
2-0: Fly out, F7 (Line Drive, 7LM)
Top of the 4th over - 0 runs, 0 hits, 0 errors, 1 left on base; Myrtle Beach 0 - Mt. Vernon 2
BOTTOM OF THE 4TH
Mt. Vernon Bulls batting - Pitching for Myrtle Beach Seahawks : RHP Angelo Rawnsley
Batting: RHB José Salinas 0-0: Foul Ball, location: 2F
0-1: Fly out, F6 (Line Drive, 6)
Batting: SHB Tom Chagolla 0-0: Swinging Strike
0-1: Called Strike
0-2: Foul Ball, location: 2F
0-2: Foul Ball, location: 2F
0-2: DOUBLE (Line Drive, 78D)
Pitching: RHP Bailey Achurch
Batting: RHB Tyler Utterback 0-0: Foul Ball, location: 2F
0-1: Ground out 6-3 (Groundball, 6)
Tom Chagolla to third
Batting: RHB Brodie Floyd 0-0: Ball
1-0: Ball
2-0: Ground out 6-3 (Groundball, 56)
Bottom of the 4th over - 0 runs, 1 hit, 0 errors, 1 left on base; Myrtle Beach 0 - Mt. Vernon 2
TOP OF THE 5TH
Myrtle Beach Seahawks batting - Pitching for Mt. Vernon Bulls : RHP Jesús Franco
Batting: RHB Thomas Feliciano 0-0: Ball
1-0: Called Strike
1-1: Called Strike
1-2: Foul Ball, location: 2F
1-2: Foul Ball, location: 2F
1-2: Strikes out swinging
Batting: RHB Theo Wrighton 0-0: Swinging Strike
0-1: Swinging Strike
0-2: Fly out, F7 (Line Drive, 7)
Batting: RHB Lucas Gallant 0-0: Swinging Strike
0-1: Ball
1-1: Called Strike
1-2: Ball
2-2: Strikes out swinging
Top of the 5th over - 0 runs, 0 hits, 0 errors, 0 left on base; Myrtle Beach 0 - Mt. Vernon 2
BOTTOM OF THE 5TH
Mt. Vernon Bulls batting - Pitching for Myrtle Beach Seahawks : RHP Bailey Achurch
Batting: RHB Alfonso Torres 0-0: Ball
1-0: Foul Ball, location: 2F
1-1: Ball
2-1: Foul Ball, location: 2F
2-2: Ground out 4-3 (Groundball, 4S)
Batting: SHB Toby Sutton 0-0: Called Strike
0-1: Called Strike
0-2: Strikes out swinging
Batting: LHB Sidney Dollarhide 0-0: Ball
1-0: Ball
2-0: Ball
3-0: Base on Balls
Batting: LHB Rich Watkins 0-0: Ball
1-0: Called Strike
1-1: Called Strike
1-2: Ball
2-2: Ground out 4-3 (Groundball, 4)
Bottom of the 5th over - 0 runs, 0 hits, 0 errors, 1 left on base; Myrtle Beach 0 - Mt. Vernon 2
TOP OF THE 6TH
Myrtle Beach Seahawks batting - Pitching for Mt. Vernon Bulls : RHP Jesús Franco
Batting: RHB Bedrettin Suker 0-0: Ball
1-0: Swinging Strike
1-1: Swinging Strike
1-2: Ball
2-2: Strikes out swinging
Batting: RHB Al Ellis 0-0: Ball
1-0: Foul Ball, location: 2F
1-1: Ball
2-1: Ball
3-1: Called Strike
3-2: Fly out, F8 (Flyball, 8LM)
Batting: LHB Augusto Reyes 0-0: Ground out U3 (Groundball, 3L)
Top of the 6th over - 0 runs, 0 hits, 0 errors, 0 left on base; Myrtle Beach 0 - Mt. Vernon 2
BOTTOM OF THE 6TH
Mt. Vernon Bulls batting - Pitching for Myrtle Beach Seahawks : RHP Bailey Achurch
Batting: RHB Angeddy Almanzar 0-0: Called Strike
0-1: Foul Ball, location: 2F
0-2: DOUBLE (Flyball, 8LXD)
Batting: RHB José Salinas 0-0: Ball
1-0: Called Strike
1-1: Ball
2-1: SINGLE (Groundball, 56D)
Angeddy Almanzar to third
Batting: SHB Tom Chagolla 0-0: Ball
1-0: Foul Ball, location: 2F
1-1: Ball
2-1: Foul Ball, location: 2F
2-2: Fielders Choice at 2nd, 4-6 (Groundball, 4)
Angeddy Almanzar scores
Batting: RHB Tyler Utterback 0-0: Ball
1-0: Foul Ball, location: 2F
1-1: Ball
2-1: Foul Ball, location: 2F
2-2: Foul Ball, location: 2F
2-2: Grounds into double play, 6-4-3 (Groundball, 6)
Bottom of the 6th over - 1 run, 2 hits, 0 errors, 0 left on base; Myrtle Beach 0 - Mt. Vernon 3
TOP OF THE 7TH
Myrtle Beach Seahawks batting - Pitching for Mt. Vernon Bulls : RHP Jesús Franco
Batting: SHB Dong-joo Yu 0-0: Called Strike
0-1: Swinging Strike
0-2: Ground out 6-3 (Groundball, 6)
Batting: RHB Jimmy Gonzáles 0-0: Foul Ball, location: 2F
0-1: Ground out 6-3 (Groundball, 6)
Batting: RHB Miguel Rey 0-0: Ball
1-0: Ground out 5-3 (Groundball, 5S)
Top of the 7th over - 0 runs, 0 hits, 0 errors, 0 left on base; Myrtle Beach 0 - Mt. Vernon 3
BOTTOM OF THE 7TH
Mt. Vernon Bulls batting - Pitching for Myrtle Beach Seahawks : RHP Bailey Achurch
Batting: RHB Brodie Floyd 0-0: Ball
1-0: Ground out 5-3 (Groundball, 56S)
Batting: RHB Alfonso Torres 0-0: Ball
1-0: Swinging Strike
1-1: Ball
2-1: Ground out 6-3 (Groundball, 6)
Batting: SHB Toby Sutton 0-0: Fly out, F8 (Line Drive, 8LM)
Bottom of the 7th over - 0 runs, 0 hits, 0 errors, 0 left on base; Myrtle Beach 0 - Mt. Vernon 3
TOP OF THE 8TH
Myrtle Beach Seahawks batting - Pitching for Mt. Vernon Bulls : RHP Jesús Franco
Batting: RHB Thomas Feliciano 0-0: Fly out, F9 (Flyball, 89D)
Batting: RHB Theo Wrighton 0-0: Ball
1-0: SINGLE (Line Drive, 9LM)
Pitching: LHP Ken Borrego
Batting: RHB Lucas Gallant 0-0: Called Strike
0-1: Called Strike
0-2: Strikes out swinging
Batting: RHB Bedrettin Suker 0-0: Swinging Strike
0-1: Ball
1-1: Ball
2-1: Foul Ball, location: 2F
2-2: Strikes out looking
Top of the 8th over - 0 runs, 1 hit, 0 errors, 1 left on base; Myrtle Beach 0 - Mt. Vernon 3
BOTTOM OF THE 8TH
Mt. Vernon Bulls batting - Pitching for Myrtle Beach Seahawks : RHP Bailey Achurch
Pitching: LHP Chris Whitfield
Batting: LHB Sidney Dollarhide 0-0: Ball
1-0: Ball
2-0: Ball
3-0: Called Strike
3-1: Base on Balls
Batting: LHB Rich Watkins 0-0: Ball
1-0: Foul Ball, location: 2F
1-1: Ball
2-1: Foul Ball, location: 2F
2-2: DOUBLE (Line Drive, 8RD)
Sidney Dollarhide to third
Runner from 3rd tries for Home, SAFE, no throw
Batting: RHB Angeddy Almanzar 0-0: Intentional Walk
Batting: RHB José Salinas 0-0: Ball
1-0: Ball
2-0: Ball
3-0: Called Strike
3-1: Fly out, F8 (Flyball, 78D)
Batting: SHB Tom Chagolla 0-0: Ball
1-0: Called Strike
1-1: Ball
2-1: Foul Ball, location: 2F
2-2: Foul Ball, location: 2F
2-2: SINGLE (Flyball, 89S)
Rich Watkins to third
Angeddy Almanzar to second
Runner from 3rd tries for Home, SAFE, no throw
Batting: RHB Tyler Utterback 0-0: Called Strike
0-1: Swinging Strike
0-2: Ball
1-2: Ball
2-2: TRIPLE (Flyball, 8RXD)
Angeddy Almanzar scores
Tom Chagolla scores
Batting: RHB Brodie Floyd 0-0: Ground out 1-3 (Groundball, 13)
Batting: RHB Alfonso Torres 0-0: Foul Ball, location: 2F
0-1: Called Strike
0-2: Ball
1-2: Ball
2-2: Foul Ball, location: 2F
2-2: Strikes out looking
Bottom of the 8th over - 4 runs, 3 hits, 0 errors, 1 left on base; Myrtle Beach 0 - Mt. Vernon 7
TOP OF THE 9TH
Myrtle Beach Seahawks batting - Pitching for Mt. Vernon Bulls : LHP Ken Borrego
Batting: RHB Al Ellis 0-0: Swinging Strike
0-1: Ball
1-1: Ball
2-1: Foul Ball, location: 2F
2-2: Strikes out swinging
Batting: LHB Augusto Reyes 0-0: SINGLE (Line Drive, 89M)
Batting: SHB Dong-joo Yu 0-0: SINGLE (Line Drive, 78S)
Augusto Reyes to second
Batting: RHB Jimmy Gonzáles 0-0: Ball
1-0: Swinging Strike
1-1: Foul Ball, location: 2F
1-2: Ball
2-2: Foul Ball, location: 2F
2-2: Strikes out swinging
Batting: RHB Miguel Rey 0-0: Called Strike
0-1: Foul Ball, location: 2F
0-2: Strikes out looking
Top of the 9th over - 0 runs, 2 hits, 0 errors, 2 left on base; Myrtle Beach 0 - Mt. Vernon 7
Wednesday, September 19th, 2018 - OOTP Baseball 18.8 Build 76